 Dungeon Crawl Stone Soup version 0.28-a0-1128-gb845255321 (webtiles) character file.

Game seed: 6597966014289491894

152 BinkBink the Cudgeller (level 5, -2/33 HPs)
             Began as a Gargoyle Monk on Dec 12, 2021.
             Was an Elder of Lugonu.
             Killed by nerve-wracking pain
             ... invoked by an orc priest
              (4 damage)
             ... on level 3 of the Dungeon.
             The game lasted 00:02:26 (2332 turns).

BinkBink the Cudgeller (Gargoyle Monk)              Turns: 2332, Time: 00:02:30

Health: -2/33      AC:  9    Str: 15    XL:     5   Next: 34%
Magic:  5/5        EV: 11    Int: 10    God:    Lugonu [****..]
Gold:   76         SH:  0    Dex: 14    Spells: 4/4 levels left

rFire   . . .      SeeInvis .   a - +0 mace
rCold   . . .      Faith    .   (no shield)
rNeg    + . .      Spirit   .   d - +0 ring mail
rPois   ∞          Reflect  .   (no helmet)
rElec   +          Harm     .   (no cloak)
rCorr   .          Rampage  .   (no gloves)
Will    .....                   (no boots)
Stlth   +.........              (no amulet)
HPRegen 0.11/turn               (no ring)
MPRegen 0.09/turn               (no ring)

@: flying
A: sickness immunity, AC +4, negative energy resistance 1, electricity
resistance, torment resistance 1, petrification resistance
a: Renounce Religion, Depart the Abyss, Bend Space, Banish, Corrupt


You were on level 3 of the Dungeon.
You worshipped Lugonu.
Lugonu was greatly pleased with you.
You visited 1 branch of the dungeon, and saw 3 of its levels.

You collected 76 gold pieces.

Inventory:

Hand Weapons
 a - a +0 mace (weapon)
Armour
 b - a +0 robe
 d - a +0 ring mail (worn)
Scrolls
 c - 2 scrolls of fear {unknown}
 f - a scroll of amnesia {unknown}
Potions
 g - a potion of curing


   Skills:
 + Level 3.9 Fighting
 + Level 4.2 Maces & Flails
 * Level 2.7 Armour
 + Level 2.9 Dodging
 - Level 2.1 Stealth


You had 4 spell levels left.
You didn't know any spells.
Your spell library contained the following spells:

 Spells                   Type           Power      Damage    Failure   Level
 Foxfire                  Conj/Fire      0%         2x1d4     58%         1
 Mephitic Cloud           Conj/Pois/Air  0%         N/A       91%         3
 Olgreb's Toxic Radiance  Pois           0%         N/A       100%        4
 Fireball                 Conj/Fire      0%         3d3       100%        5


Dungeon Overview and Level Annotations

Branches:
Dungeon (3/15)

Altars:
Lugonu


Innate Abilities, Weirdness & Mutations

You are immune to sickness and miasma.
Your stone body is resilient. (AC +4)
You are immune to poison.
You resist negative energy. (rN+)
You are resistant to electric shocks. (rElec)
You are resistant to unholy torment.
You are immune to petrification.


Message History

It was a potion of flight.
You feel very buoyant.
You fly up into the air.
The hound bites you but does no damage.
The orc priest looks braver for a moment.
The hound stops to sniff the ground.
The hound misses you.
You miss the hound. The hound bites you.
The hound bites you but does no damage.
You thump the hound!
The hound is heavily wounded.
The orc priest invokes the aid of Beogh against you.
Beogh smites you! The hound misses you.
You bump into the rock wall.
The hound bites you but does no damage. x2
You bump into the rock wall.
You feel less invigorated.
You feel less confused. The hound misses you.
You closely miss the hound.
The hound is heavily wounded.
The hound bites you but does no damage. The hound barely misses you.
You miss the hound.
The hound is heavily wounded.
The hound bites you. The hound closely misses you.
You sock the hound!
You kill the hound!
Lugonu accepts your kill.
The orc priest invokes the aid of Beogh against you.
Beogh smites you!
The orc priest mumbles some strange prayers to Beogh against you.
Beogh smites you!
* * * LOW HITPOINT WARNING * * *
The orc hits you but does no damage.
There is a stone staircase leading up, spattered with blood here.
Items here: )) [ †.
As you read the scroll labelled ZEONGI BIWO, it crumbles to dust.
You hear a loud clanging noise!
It was a scroll of noise.
You hear a shout! x2
The orc priest calls down the wrath of Beogh upon you.
Pain shoots through your body!
You die...

.# .# ..# ###.#
#.!.# #.# #.#
#)# #@#
#..oo.......
...............
#.###..........
#..........
...........
##....(.....
#..........


You could see an orc priest and an orc.

Vanquished Creatures
  A hound (D:3)
  An orc wizard (D:3)
  4 adders
  3 dart slugs
  5 orcs
  4 ball pythons (D:2)
  9 bats
  2 endoplasms
  A giant cockroach (D:1)
  7 hobgoblins
  3 frilled lizards (D:1)
  3 goblins
  5 kobolds
  4 rats
52 creatures vanquished.

Notes
Turn   | Place    | Note
-------+----------+-------------------------------------------
     0 | D:1      | BinkBink the Gargoyle Monk began the quest for the Orb.
     0 | D:1      | Reached XP level 1. HP: 14/14 MP: 1/1
   192 | D:1      | Reached XP level 2. HP: 19/19 MP: 2/2
   300 | D:1      | Got the Guide on Destructive Poisoning
   594 | D:1      | Reached skill level 1 in Armour
   810 | D:1      | Found a faded altar of an unknown god.
   941 | D:1      | Prayed at the altar of an unknown god.
   941 | D:1      | Became a worshipper of Lugonu the Unformed
   941 | D:1      | Reached * piety under Lugonu
   941 | D:1      | Reached ** piety under Lugonu
   941 | D:1      | Reached *** piety under Lugonu
   987 | D:2      | Reached XP level 3. HP: 22/23 MP: 3/3
  1409 | D:2      | Reached XP level 4. HP: 15/29 MP: 4/4
  2032 | D:2      | Reached **** piety under Lugonu
  2304 | D:3      | Reached skill level 4 in Maces & Flails
  2317 | D:3      | Reached XP level 5. HP: 19/33 MP: 5/5
  2332 | D:3      | Killed from afar by an orc priest

Illustrated notes

Levels and vault maps discovered:
D:1:      saegor_arrival_simple_e, layout_basic, ebering_ecumenical_altar_hall,
          roderic_nine_men_s_morris
D:2:      layout_loops_ring, grunt_ministairs_5, guppyfry_early_orc_mine
D:3:      layout_basic, yredelemnul_forgotten_temple_becter, serial_shops,
          shop_coins, gammafunk_ghost_split, uniq_grinder

Skill      XL: |  1  2  3  4 |
---------------+-------------+-----
Armour         | 1 2 |  2.7
Maces & Flails | 4 |  4.2
Fighting       | |  3.9
Dodging        | |  2.9
Stealth        | |  2.1

Action                   |  1- 3 |  4- 6 || total
-------------------------+-------+-------++-------
Melee: Mace              |   123 |    88 ||   211
  Use: Potion            |       |     3 ||     3
       Scroll            |       |     1 ||     1
 Stab: Sleeping          |       |     1 ||     1
Armor: Ring mail         |    64 |    54 ||   118
       Robe              |     4 |       ||     4
Dodge: Dodged            |   100 |    66 ||   166

Table legend: (Time is in decaauts)
 A = Elapsed time spent in this place.
 B = Non-inter-level travel time spent in this place.
 C = Inter-level travel time spent in this place.
 D = Time resting spent in this place.
 E = Time spent auto-exploring this place.
 F = Levels seen in this place.
 G = Mean time per level.
                   A        B        C        D        E       F      G
               +--------+--------+--------+--------+--------+-----+--------+
         Total |   2378 |   2278 |    100 |      0 |   1843 |   3 |  792.7 |
       Dungeon |   2378 |   2278 |    100 |      0 |   1843 |   3 |  792.7 |
               +--------+--------+--------+--------+--------+-----+--------+

Top non-repeatable levels by time:
     D:2: 1357 daAuts
     D:1: 968 daAuts
     D:3: 52 daAuts
